 Dungeon Crawl Stone Soup version 0.24-a0-373-g39439d866b (webtiles) character file.

Game seed: 7982001281329362730

26163 mopl the Arsonist (level 13, 0/102 HPs)
             Began as an Ogre Fire Elementalist on May 30, 2019.
             Was a High Priest of Vehumet.
             Killed from afar by a hell knight (12 damage)
             ... with a bolt of fire
             ... in a volcano.
             The game lasted 00:53:58 (14587 turns).

mopl the Arsonist (Ogre Fire Elementalist)         Turns: 14587, Time: 00:54:01

Health: 0/102      AC:  5    Str: 15    XL:     13   Next: 24%
Magic:  13/27      EV:  8    Int: 20    God:    Vehumet [*****.]
Gold:   672        SH:  8    Dex:  9    Spells: 4/32 levels left

rFire    + . .     SeeInvis .   b - staff of energy {!a}
rCold    x . .     Gourm    .   J - +0 shield
rNeg     . . .     Faith    .   I - +0 troll leather armour
rPois    .         Spirit   .   (helmet restricted)
rElec    .         Reflect  .   (no cloak)
rCorr    .         Harm     .   (gloves unavailable)
MR       +....                  (boots unavailable)
Stlth    +.........             (no amulet)
HPRegen  0.67/turn              D - ring of wizardry
MPRegen  0.20/turn              B - ring of fire

@: hasted and slowed
A: large, unfitting armour, tough skin 1
a: Renounce Religion


You were in a volcano.
You worshipped Vehumet.
Vehumet was extremely pleased with you.
You were hungry.

You visited 4 branches of the dungeon, and saw 15 of its levels.
You also visited: Volcano.

You collected 672 gold pieces.

Inventory:

Hand Weapons
 w - a +4 scimitar of flaming
 F - the +3 war axe of Lomosati {chop, rPois rN+ Str+4 Int+4}
   (You found it on level 9 of the Dungeon)

   It inflicts extra damage upon your enemies.
   It affects your strength (+4).
   It affects your intelligence (+4).
   It protects you from poison.
   It protects you from negative energy.
 G - a +2 spear
Missiles
 h - a silver javelin (quivered)
 n - 7 poisoned darts
Armour
 I - a +0 troll leather armour (worn)
 J - a +0 shield (worn)
 K - a +0 robe of magic resistance
Magical Staves
 a - an uncursed staff of conjuration {!a}
 b - an uncursed staff of energy (weapon) {!a}
Jewellery
 B - a ring of fire (right hand)
 D - a ring of wizardry (left hand)
Wands
 q - a wand of paralysis (33)
 E - a wand of random effects (35)
 L - a wand of flame (26)
 O - a wand of disintegration (17)
Scrolls
 g - 3 scrolls of magic mapping
 i - a scroll of immolation
 t - 7 scrolls of teleportation
 u - a scroll of random uselessness {unknown}
 v - a scroll of blinking {unknown}
 y - a scroll of vulnerability {unknown}
 A - a scroll of remove curse
Potions
 e - 3 potions of lignification {!q}
 f - 3 potions of mutation {unknown}
 j - 3 potions of haste
 k - 2 potions of curing
 l - 5 potions of degeneration {unknown}
 o - 4 potions of agility {unknown}
 p - 2 potions of invisibility
 r - 2 potions of might
 s - a potion of berserk rage {!q}
 x - 3 potions of cancellation
 H - a potion of flight
Miscellaneous
 d - a lamp of fire (inert)
Comestibles
 c - 20 rations


   Skills:
 - Level 1.7 Dodging
 - Level 1.4 Stealth
 + Level 4.5 Shields
 + Level 10.3 Spellcasting
 * Level 11.7 Conjurations
 - Level 2.3 Hexes
 + Level 4.4 Transmutations
 * Level 12.0 Fire Magic
 - Level 3.1 Evocations


You had 4 spell levels left.
You knew the following spells:

 Your Spells              Type           Power        Failure   Level  Hunger
a - Flame Tongue          Conj/Fire      #####        1%          1    None
b - Searing Ray           Conj           ######       1%          2    None
c - Conjure Flame         Conj/Fire      ######..     1%          3    None
d - Sticky Flame          Conj/Fire      ######..     1%          4    None
e - Venom Bolt            Conj/Pois      ####......   7%          5    None
f - Fireball              Conj/Fire      ######....   1%          5    None
h - Inner Flame           Hex/Fire       ######..     1%          3    None
i - Irradiate             Conj/Tmut      #####.....   2%          5    None

Your spell library contained the following spells:

 Spells                   Type           Power        Failure   Level  Hunger
 Throw Flame              Conj/Fire      ######       1%          2    None
 Corona                   Hex            ###....      3%          1    None
 Slow                     Hex            ###.....     5%          2    None
 Summon Small Mammal      Summ           ##..         9%          1    None
 Call Imp                 Summ           ##......     14%         2    None
 Portal Projectile        Hex/Tloc       ###...       16%         3    None
 Summon Guardian Golem    Hex/Summ       ###.....     16%         3    None
 Call Canine Familiar     Summ           ##......     26%         3    None
 Cause Fear               Hex            ###.......   32%         4    None
 Leda's Liquefaction      Hex/Erth       ###.......   45%         4    None
 Summon Ice Beast         Ice/Summ       ##......     63%         4    None
 Summon Lightning Spire   Summ/Air       ##......     63%         4    None


Dungeon Overview and Level Annotations

Branches:
Dungeon (11/15)            Temple (1/1) D:5            Lair (2/6) D:11
    Orc (1/2) D:11
  Swamp: Lair:2-4    Shoals: Lair:2-4     Snake: Lair:2-4    Spider: Lair:2-4

Altars:
Ashenzari
Cheibriados
Dithmenos
Elyvilon
Fedhas
Gozag
Hepliaklqana
Kikubaaqudgha
Makhleb
Nemelex Xobeh
Okawaru
Qazlal
Ru
Sif Muna
Trog
Uskayaw
Vehumet
Wu Jian
Xom
Yredelemnul
Zin
The Shining One
Beogh
Lugonu

Shops:
Orc:1 ((

Annotations:
Lair:1 2 transporters, Gaatiu's ghost, journeyman TrMo
Orc:1 3 runed translucent doors, Mocoenoa's ghost, journeyman MiFi


Innate Abilities, Weirdness & Mutations

You are too large for most types of armour.
You have tough skin. (AC +1)


Message History

* * * LOW HITPOINT WARNING * * *
Casting: Venom Bolt (safe; 7% risk of failure)
Confirm with . or Enter, or press ? or * to list all spells.
Aiming: Venom Bolt (safe; 7% risk of failure)
Press: ? - help, Shift-Dir - straight line, f/p - ogre mage
Aim: an ogre mage, wielding a +0 spear of flaming and wearing a +1 robe of fire resistance (flame, heavily wounded, fast, unusually resistant)
The bolt of poison hits the ogre mage.
The ogre mage is heavily wounded.
The bolt of poison hits the hell knight!!
The hell knight is poisoned.
The hell knight is heavily wounded.
The ogre mage is engulfed in blazing flames.
The ogre mage hits you from afar with a +0 spear of flaming.
* * * LOW HITPOINT WARNING * * *
The ogre mage burns you.
* * * LOW HITPOINT WARNING * * *
The hell knight gestures at you while chanting.
The bolt of fire hits the ogre mage.
The ogre mage resists.
The bolt of fire hits you! You resist.
You die...

### ####
##.###..##
#.#...##.##
#.#######.#
##.###8##.# ###
#.#.#8#.## ##.#
#8#.#.##.# ####...
#8###@#.##
####....≈. ##
#☼##.####8....§§≈≈
#O###.........≈§≈≈


8p8 #####8....≈≈≈≈ #§# ##..§§≈§§≈ .☼. ##..≈§≈§≈ ≈○≈ ...§§§§≈ .☼§ ...≈§§≈§≈
..≈≈≈§≈≈≈ You could see a hell knight and an ogre mage.

Vanquished Creatures
  Josephine (D:11)
  Harold (D:11)
  2 hydras
  Erica (D:11)
  5 two-headed ogres
  An unseen horror (D:7)
  Pikel (D:7)
  2 ugly things (D:11)
  A cyclops (D:11)
  A gargoyle (D:10)
  3 spiny frogs
  A kobold demonologist (D:9)
  2 komodo dragons
  A rime drake (Lair:1)
  A polar bear (Lair:2)
  2 trolls
  A hornet (D:11)
  Prince Ribbit (D:7)
  5 hippogriffs
  A spriggan (D:7)
  A shadow (D:11)
  Sigmund (D:6)
  14 yaks
  5 wraiths
  2 basilisks
  A wyvern (D:9)
  6 fire bats (Volcano)
  Grum (D:11)
  4 water moccasins
  A black bear (D:11)
  5 ice beasts
  9 sky beasts
  An eye of draining (D:8)
  An orc warrior (D:8)
  5 phantoms
  2 ogres
  5 centaurs
  9 wolves
  2 necrophages
  2 crocodiles
  8 big kobolds
  9 bullfrogs
  3 gnoll sergeants
  2 wyvern skeletons
  6 scorpions
  6 killer bees (D:9)
  13 wights
  A howler monkey (D:9)
  2 crimson imps
  A bullfrog zombie (D:5)
  2 lava snakes (Volcano)
  3 centaur zombies
  2 quasits (D:11)
  2 hounds (D:9)
  3 orc priests
  A gnoll shaman (D:8)
  5 jellies
  2 bullfrog skeletons
  10 iguanas
  8 worker ants
  5 orc wizards
  A hound zombie (D:11)
  A howler monkey zombie (D:8)
  Robin (D:4)
  18 adders
  20 gnolls
  5 oozes
  3 adder skeletons
  2 adder zombies
  4 worms
  A dart slug (D:3)
  4 leopard geckos
  26 orcs
  3 giant cockroaches
  12 goblins
  7 hobgoblins
  11 jackals
  22 kobolds
  3 quokkas
  4 bats
  5 frilled lizards
  A jackal skeleton (D:6)
  2 quokka skeletons
  9 rats
370 creatures vanquished.

Vanquished Creatures (others)
  A slave (D:7)
  A centaur (D:7)
  A crimson imp (D:7)
  An adder zombie (D:7)
  A quokka (D:7)
  A frilled lizard (D:3)
  3 plants (D:11)
9 creatures vanquished.

Grand Total: 379 creatures vanquished

Notes
Turn   | Place    | Note
-------+----------+-------------------------------------------
     0 | D:1      | mopl the Ogre Fire Elementalist began the quest for the
                  | Orb.
     0 | D:1      | Reached XP level 1. HP: 16/16 MP: 3/3
    40 | D:1      | Reached skill level 1 in Conjurations
   378 | D:1      | Reached XP level 2. HP: 24/24 MP: 3/5
   393 | D:1      | Reached skill level 3 in Fire Magic
   855 | D:2      | Reached XP level 3. HP: 31/31 MP: 2/7
   860 | D:2      | Learned a level 3 spell: Conjure Flame
  1126 | D:2      | Found a glowing silver altar of Zin.
  1231 | D:2      | Reached skill level 2 in Conjurations
  1262 | D:2      | Reached skill level 3 in Spellcasting
  1389 | D:2      | Reached XP level 4. HP: 39/39 MP: 6/8
  2068 | D:3      | Found a blossoming altar of Fedhas.
  2174 | D:3      | Learned a level 4 spell: Sticky Flame
  2272 | D:3      | Reached XP level 5. HP: 44/45 MP: 2/9
  2572 | D:3      | Noticed a +0 dagger
  2573 | D:3      | Noticed a +0 hand axe
  2586 | D:3      | Found a hide-covered altar of Uskayaw.
  2713 | D:3      | Reached skill level 4 in Fire Magic
  2808 | D:3      | Reached skill level 3 in Conjurations
  2823 | D:3      | Found a stormy altar of Qazlal.
  3236 | D:4      | Learned a level 3 spell: Inner Flame
  3344 | D:4      | Noticed Robin
  3369 | D:4      | Reached XP level 6. HP: 50/53 MP: 9/11
  3408 | D:4      | Killed Robin
  3743 | D:4      | Reached skill level 1 in Evocations
  4250 | D:5      | Entered Level 5 of the Dungeon
  4425 | D:5      | Noticed a phantom
  4457 | D:5      | Killed a phantom
  4457 | D:5      | Reached skill level 4 in Spellcasting
  4457 | D:5      | Reached XP level 7. HP: 43/59 MP: 5/13
  4582 | D:5      | Found a deep blue altar of Sif Muna.
  4716 | D:5      | Reached skill level 4 in Conjurations
  4835 | D:5      | Found an ancient bone altar of Kikubaaqudgha.
  4853 | D:5      | Reached skill level 5 in Fire Magic
  5025 | D:5      | Found a staircase to the Ecumenical Temple.
  5040 | Temple   | Entered the Ecumenical Temple
  5155 | Temple   | Became a worshipper of Vehumet
  5461 | D:6      | Reached skill level 2 in Evocations
  5575 | D:6      | Reached XP level 8. HP: 7/67 MP: 3/14
  5841 | D:6      | Noticed Sigmund
  5855 | D:6      | Killed Sigmund
  5855 | D:6      | Reached skill level 5 in Conjurations
  5939 | D:6      | Found a shimmering altar of Xom.
  6103 | D:6      | Reached skill level 6 in Fire Magic
  6264 | D:6      | Found a glowing golden altar of the Shining One.
  6266 | D:6      | Noticed an angel
  6275 | D:6      | Found a basalt altar of Yredelemnul.
  6277 | D:6      | Noticed a profane servitor
  6300 | D:6      | Reached skill level 5 in Spellcasting
  6415 | D:7      | Noticed Pikel
  6431 | D:7      | Killed Pikel
  6431 | D:7      | Reached skill level 1 in Hexes
  6431 | D:7      | Reached skill level 3 in Evocations
  6431 | D:7      | Reached XP level 9. HP: 37/74 MP: 1/17
  6551 | D:7      | Found a hazy altar of Hepliaklqana.
  6607 | D:7      | Reached skill level 6 in Conjurations
  6609 | D:7      | Found a snail-covered altar of Cheibriados.
  6621 | D:7      | Reached * piety under Vehumet
  6621 | D:7      | Offered knowledge of Magic Dart by Vehumet.
  6711 | D:7      | Noticed an unseen horror
  6717 | D:7      | Killed an unseen horror
  6717 | D:7      | Reached skill level 2 in Hexes
  6717 | D:7      | Reached skill level 7 in Fire Magic
  6902 | D:7      | Reached skill level 6 in Spellcasting
  7126 | D:7      | Noticed Prince Ribbit
  7136 | D:7      | Killed Prince Ribbit
  7253 | D:7      | Reached skill level 7 in Conjurations
  7260 | D:7      | Learned a level 5 spell: Fireball
  7765 | D:8      | Reached skill level 8 in Fire Magic
  7766 | D:8      | Reached XP level 10. HP: 74/81 MP: 4/19
  8080 | D:8      | Reached skill level 7 in Spellcasting
  8162 | D:8      | Reached ** piety under Vehumet
  8184 | D:8      | Reached skill level 8 in Conjurations
  8230 | D:8      | Offered knowledge of Throw Frost by Vehumet.
  8242 | D:8      | Found an ornate altar of the Wu Jian Council.
  8637 | D:9      | Got a slimy war axe
  8927 | D:9      | Found a shadowy altar of Dithmenos.
  8955 | D:9      | Reached skill level 9 in Fire Magic
  9121 | D:9      | Noticed a two-headed ogre
  9151 | D:9      | Killed a two-headed ogre
  9238 | D:9      | Offered knowledge of Searing Ray by Vehumet.
  9238 | D:9      | Reached skill level 9 in Conjurations
  9433 | D:9      | Noticed a kobold demonologist
  9443 | D:9      | Reached XP level 11. HP: 62/88 MP: 5/22
  9444 | D:9      | Reached skill level 8 in Spellcasting
  9537 | D:9      | Reached *** piety under Vehumet
  9745 | D:9      | Found an opulent altar of Gozag.
  9959 | D:9      | Identified the +3 war axe of Lomosati {chop, rPois rN+
                  | Str+4 Int+4} (You found it on level 9 of the Dungeon)
  9986 | D:10     | Entered Level 10 of the Dungeon
 10032 | D:10     | Learned a level 2 spell: Searing Ray
 10177 | D:10     | Offered knowledge of Force Lance by Vehumet.
 10277 | D:10     | Reached skill level 10 in Fire Magic
 10388 | D:10     | Reached **** piety under Vehumet
 11100 | D:11     | Found a staircase to the Orcish Mines.
 11158 | D:11     | Offered knowledge of Irradiate by Vehumet.
 11188 | D:11     | Learned a level 5 spell: Irradiate
 11193 | D:11     | Noticed a white ugly thing
 11199 | D:11     | Killed a white ugly thing
 11199 | D:11     | Reached skill level 10 in Conjurations
 11205 | D:11     | Noticed Harold
 11216 | D:11     | Killed Harold
 11216 | D:11     | Reached skill level 1 in Shields
 11216 | D:11     | Reached skill level 1 in Transmutations
 11240 | D:11     | Noticed Josephine
 11241 | D:11     | Found a staircase to the Lair.
 11241 | D:11     | Noticed a seven-headed hydra
 11249 | D:11     | Noticed a purple ugly thing
 11257 | D:11     | Killed a purple ugly thing
 11383 | D:11     | Noticed Grum
 11411 | D:11     | Reached skill level 9 in Spellcasting
 11430 | D:11     | Killed Grum
 11563 | D:11     | Noticed a cyclops
 11611 | D:11     | Noticed Erica
 11622 | D:11     | Killed Erica
 11622 | D:11     | Reached skill level 2 in Shields
 11622 | D:11     | Reached XP level 12. HP: 84/96 MP: 13/25
 11718 | D:11     | Reached skill level 2 in Transmutations
 11933 | D:11     | Identified the +6 plate armour "Wil Juwk" {+Blink rPois
                  | Int-5}
 12109 | D:11     | Killed Josephine
 12109 | D:11     | Reached skill level 11 in Fire Magic
 12219 | D:11     | Killed a seven-headed hydra
 12238 | D:11     | Reached skill level 3 in Shields
 12644 | Lair:1   | Entered Level 1 of the Lair of Beasts
 12644 | Lair:1   | Found a transporter.
 12644 | Lair:1   | Noticed a six-headed hydra
 12655 | Lair:1   | Noticed Gaatiu's ghost (journeyman TrMo)
 12658 | Lair:1   | Found a transporter.
 12711 | Lair:1   | Reached skill level 3 in Transmutations
 12872 | Lair:1   | Reached skill level 11 in Conjurations
 12903 | Lair:1   | Noticed a six-headed hydra
 12919 | Lair:1   | Killed a six-headed hydra
 13239 | Lair:1   | Reached ***** piety under Vehumet
 13239 | Lair:1   | Offered knowledge of Venom Bolt by Vehumet.
 13779 | Lair:2   | Reached skill level 10 in Spellcasting
 13827 | Lair:2   | Reached skill level 4 in Shields
 13952 | Lair:2   | Reached XP level 13. HP: 102/102 MP: 16/27
 14095 | Lair:2   | Reached skill level 4 in Transmutations
 14268 | Orc:1    | Entered Level 1 of the Orcish Mines
 14289 | Orc:1    | Found a roughly hewn altar of Beogh.
 14330 | Orc:1    | Found Cowowin's Antique Weapon Emporium.
 14352 | Orc:1    | Found Kafuar's Weapon Shop.
 14364 | Orc:1    | Found a runed translucent gate.
 14365 | Orc:1    | Found a runed translucent gate.
 14366 | Orc:1    | Found a runed translucent gate.
 14368 | Orc:1    | Noticed Mocoenoa's ghost (journeyman MiFi)
 14405 | Orc:1    | Found a dark tunnel.
 14426 | Orc:1    | Learned a level 5 spell: Venom Bolt
 14429 | Volcano  | Entered a volcano
 14559 | Volcano  | Noticed an ogre mage
 14569 | Volcano  | Reached skill level 12 in Fire Magic
 14578 | Volcano  | Paralysed by an ogre mage for 5 turns
 14584 | Volcano  | HP: 4/102 [ogre mage/+0 spear of flaming (4)]
 14587 | Volcano  | Killed from afar by a hell knight

Levels and vault maps discovered:
D:1:      ebering_trefoil_twist, layout_basic
D:2:      layout_loops_corners, lemuel_doored_altar
D:3:      kb_forest_paths, layout_basic, fedhas_altar_2, grunt_qazlal_clouds,
          dancing_weapons_uskayaw, minmay_curled_crystal, dk_noncrumbling_2
D:4:      layout_basic, first_ration, uniq_robin
D:5:      layout_loops_corners, kiku_gazebo_garden_becter,
          minmay_temple_entry_grid, chequers_serial_rivers_small_3,
          grunt_ministairs_4, led_sif_pool
D:6:      layout_basic, grunt_temple_overflow_holy_war, lemuel_crystal_altar,
          minmay_tree_intersection, uniq_sigmund
D:7:      layout_gridville, kennysheep_mini, kennysheep_mini_moat, the_bakery,
          uniq_prince_ribbit1, uniq_pikel
D:8:      layout_gridville, nicolae_overflow_hidden_temple
D:9:      layout_roguey, lemuel_round_altar, old_standard_altar, special_room
          [special_room_kobold]
D:10:     layout_rooms, minmay_stone_trees_small, nicolae_twisting_strands,
          statue_in_the_mist_lemuel
D:11:     minmay_octagon_keep, layout_loops_ring, dpeg_oklobed_lair,
          orc_0_dummy, uniq_grum, uniq_harold, uniq_erica, uniq_josephine
Temple:   kb_corrupted_temple
Lair:1:   layout_concentric_octagons, gammafunk_ghost_arena, grunt_megastairs_1
Lair:2:   layout_long_grid
Orc:1:    layout_caves, basic_altar, serial_shops, nicolae_shop_waterfront,
          shop, ebering_ghost_rock_garden, lightli_volcano_entry_magma_tube
Volcano:  volcano_grotto [vgs_hot_hot_hot]

Skill      XL: |  1  2  3  4  5  6  7  8  9 10 11 12 13 |
---------------+----------------------------------------+-----
Conjurations   | 1 2 3 4 5 7 9 10 11 | 11.7
Fire Magic     | 3 4 5 6 8 9 10 11 12 | 12.0
Spellcasting   | 3 4 5 6 7 9 10 | 10.3
Evocations     | 1 2 3 |  3.1
Hexes          | 1 2 |  2.3
Shields        | 2 4 |  4.5
Transmutations | 1 3 4 |  4.4
Dodging        | |  1.7
Stealth        | |  1.4

Action                   |  1- 3 |  4- 6 |  7- 9 | 10-12 | 13-15 || total
-------------------------+-------+-------+-------+-------+-------++-------
Melee: Unarmed           |     1 |       |       |       |       ||     1
       Staff             |       |       |    69 |       |       ||    69
Throw: Javelin           |     1 |     3 |     6 |       |       ||    10
       Dart              |       |       |     6 |       |       ||     6
 Cast: Flame Tongue      |    60 |   114 |    75 |   286 |     8 ||   543
       Conjure Flame     |       |     7 |    14 |    59 |     1 ||    81
       Inner Flame       |       |     3 |     3 |    21 |     1 ||    28
       Sticky Flame      |       |     1 |    20 |    93 |     2 ||   116
       Fireball          |       |       |     2 |    28 |       ||    30
       Searing Ray       |       |       |       |    14 |       ||    14
       Venom Bolt        |       |       |       |       |    18 ||    18
Evoke: Staff of energy   |       |    18 |    18 |   126 |    17 ||   179
       Wand              |       |    17 |    10 |     4 |       ||    31
       Lamp of fire      |       |       |       |       |     1 ||     1
  Use: Scroll            |       |       |    11 |     7 |     1 ||    19
       Potion            |       |       |       |       |     3 ||     3
 Stab: Paralysed         |       |       |    11 |       |       ||    11
  Eat: Chunk             |     2 |     9 |    12 |    37 |     3 ||    63
Armor: Robe              |     6 |    11 |    44 |    14 |       ||    75
       Troll leather arm |       |       |       |    32 |     7 ||    39
Dodge: Dodged            |    21 |    35 |    72 |    83 |     9 ||   220
Block: Shield            |       |       |       |    35 |     5 ||    40

Table legend:
 A = Non-vault XP
 B = Vault XP
 C = Vault XP percentage of total XP
 D = Non-vault monster count
 E = Vault monster count
 F = Vault count percentage of total count
                 A         B        C        D         E       F
            +---------+---------+-------+---------+---------+-------
      Total |   24143 |   13234 |  35.4 |     304 |      66 |  17.8
            +---------+---------+-------+---------+---------+-------
        D:1 |      30 |       0 |   0.0 |      15 |       0 |   0.0
        D:2 |      90 |       0 |   0.0 |      21 |       0 |   0.0
        D:3 |      84 |      81 |  49.1 |      23 |       6 |  20.7
        D:4 |     125 |      27 |  17.8 |      11 |       8 |  42.1
        D:5 |     542 |      13 |   2.3 |      16 |       1 |   5.9
        D:6 |     531 |     220 |  29.3 |      17 |       1 |   5.6
        D:7 |    1571 |    1136 |  42.0 |      18 |       3 |  14.3
        D:8 |    1613 |       0 |   0.0 |      32 |       0 |   0.0
        D:9 |    3568 |     966 |  21.3 |      46 |      12 |  20.7
       D:10 |    2896 |       0 |   0.0 |      40 |       0 |   0.0
       D:11 |    4232 |    5831 |  57.9 |      25 |      23 |  47.9
     Lair:1 |    5026 |     967 |  16.1 |      22 |       1 |   4.3
     Lair:2 |    2799 |       0 |   0.0 |      16 |       0 |   0.0
      Orc:1 |    1036 |       0 |   0.0 |       2 |       0 |   0.0
    Volcano |       0 |    3993 | 100.0 |       0 |      11 | 100.0
            +---------+---------+-------+---------+---------+-------
